 Dungeon Crawl Stone Soup version 0.16.1-4-g8e1b745 (webtiles) character file.

172 RobertPalmer the Cutter (level 5, -7/34 HPs)
             Began as an Octopode Warper on Mar 26, 2015.
             Mangled by an ogre
             ... wielding a +0 giant club
              (25 damage)
             ... on level 4 of the Dungeon.
             The game lasted 00:05:03 (3198 turns).

RobertPalmer the Cutter (Octopode Warper)           Turns: 3198, Time: 00:05:04

Health: -7/34      AC:  1    Str: 11    XL:     5   Next: 52%
Magic:  9/9        EV: 11    Int: 15    God:
Gold:   191        SH:  3    Dex: 12    Spells: 2 memorised, 4 levels left

rFire  . . .     SeeInvis .     a - +2 dagger (vamp) {!w}
rCold  . . .     Clarity  .     t - +0 buckler
rNeg   . . .     SustAb   .     (helmet restricted)
rPois  .         Gourm    .     (no amulet)
rElec  .         Spirit   .     l - ring of wizardry {Wiz+, !d}
rCorr  .         Warding  .     (no ring)
rMut   .         Stasis   .     (no ring)
MR     .....                    (no ring)
Stlth  ++........               (no ring)
                                (no ring)
                                (no ring)
                                (no ring)

@: not resistant to hostile enchantments, unstealthy
A: almost no armour, amphibious, 8 rings, constrict 8, camouflage 1, gelatinous
body 1
a: no special abilities


You were on level 4 of the Dungeon.
You were not hungry.

You visited 1 branch of the dungeon, and saw 4 of its levels.

You collected 191 gold pieces.

Inventory:

Hand weapons
 a - a +2 vampiric dagger (weapon) {!w}
   (You found it on level 1 of the Dungeon)
Missiles
 e - 5 tomahawks of dispersal {=f}
 w - a throwing net {=f, !d}
Armour
 t - a +0 buckler (worn)
   (You found it on level 3 of the Dungeon)
Jewellery
 l - a ring of wizardry (left tentacle) {Wiz+, !d}
   (You found it on level 1 of the Dungeon)
 x - an uncursed amulet of stasis {unknown}
   (You found it on level 3 of the Dungeon)
Scrolls
 d - a scroll of blinking {!r}
 h - a scroll of fear {unknown}
 m - a scroll of random uselessness {unknown}
 n - 3 scrolls of identify {unknown}
 p - a scroll of teleportation {unknown}
 q - a scroll of magic mapping {unknown}
Potions
 g - 2 potions of ambrosia {unknown}
 k - 2 potions of heal wounds
 o - a potion of restore abilities {unknown}
 r - a potion of brilliance {unknown}
 u - a potion of mutation {unknown}
Books
 c - a book of Spatial Translocations
Comestibles
 b - 4 meat rations {@e2}
 f - a slice of pizza
 i - 2 bread rations {@e1}
 j - 2 fruits
 s - 2 beef jerkies


   Skills:
 - Level 2.0 Fighting
 - Level 5.5 Short Blades
 - Level 1.0 Throwing
 - Level 2.3 Dodging
 + Level 0.2 Shields
 - Level 2.0 Spellcasting
 - Level 3.0 Translocations


You had 4 spell levels left.
You knew the following spells:

 Your Spells              Type           Power        Failure   Level  Hunger
a - Teleport Other        Tloc           ##......     12%         3    ###....
g - Apportation           Tloc           ##........   4%          1    #......


Dungeon Overview and Level Annotations

Branches:
Dungeon (4/15)
 Temple: D:4-7

Altars:
Yredelemnul


Innate Abilities, Weirdness & Mutations

You cannot wear most types of armour.
You are amphibious.
You can wear up to eight rings at the same time.
You can use your tentacles to constrict many enemies at once.
Your skin changes colour to match your surroundings (Stealth).
Your rubbery body absorbs attacks (AC +1).


Message History

You constrict the worm. You hit the worm.
You constrict the worm, but do no damage.
The worm bites you but does no damage.
You hit the worm. You constrict the worm. You hit the worm.
You kill the worm!
A kobold comes into view. It is wielding a dagger.
A kobold is nearby!
A kobold is nearby!
A kobold is nearby!
A kobold is nearby!
A rat comes into view.
The kobold shouts!
You hit the kobold. You grab the kobold. You constrict the kobold.
The kobold closely misses you.
You hit the kobold. You constrict the kobold.
You kill the kobold!
The rat bites you.
You take 1 damage, and have 33/34 hp.
You hit the rat.
You kill the rat!
No target in view!
No target in view!
No target in view!
Things that are here:
a dagger; a kobold corpse
x - a dented crystal amulet Health restored: 34 No target in view!
You see here a rat corpse.
Eating one of 2 chunks of flesh {@w0}.
You continue eating. x2
All of the chunks of flesh in your inventory have rotted away.
You see here a rapier.
You see here a trident.
You now have 191 gold pieces (gained 3).
You see here 13 poisoned needles.
A hobgoblin comes into view. It is wielding a club.
A hobgoblin is nearby!
A hobgoblin is nearby!
You barely miss the hobgoblin. Your grab misses the hobgoblin.
The hobgoblin barely misses you.
A hobgoblin is nearby!
A hobgoblin is nearby!
You hit the hobgoblin. You grab the hobgoblin. You constrict the hobgoblin.
You hit the hobgoblin.
You kill the hobgoblin!
Things that are here:
a club; a hobgoblin corpse No target in view!
Done exploring.
No target in view!
No target in view!
Done exploring.
No target in view!
No target in view!
No target in view!
Done exploring.
Done exploring.
(D) Dungeon
Where to? (Enter - D:2 @ (x,y), ? - help)
There is a stone staircase leading down here.
You climb downwards.
Found a stone staircase leading down.
There is a stone staircase leading up here.
Unknown command.
A giant gecko comes into view.
A giant gecko is nearby!
A giant gecko is nearby!
A giant gecko is nearby!
The giant gecko barely misses you. The giant gecko misses you.
You hit the giant gecko. You grab the giant gecko. You squeeze the giant gecko.
You kill the giant gecko!
No target in view!
No target in view!
No target in view!
You open the door.
An ogre comes into view. It is wielding a giant club.
There is an open door here.
An ogre is nearby!
An ogre is nearby!
An ogre is nearby!
An ogre is nearby!
The ogre shouts!
You hit the ogre. The ogre closely misses you.
You hit the ogre. You hit the ogre. The ogre barely misses you.
You barely miss the ogre. You hit the ogre. You block the ogre's attack.
You hit the ogre. You squeeze the ogre! The ogre hits you with a giant club!!
Ouch! That really hurt!
You take 19 damage, and have 15/34 hp.
MASSIVE DAMAGE!!
You hit the ogre.
You feel better.
Your squeeze misses the ogre. You hit the ogre.
You feel better. The ogre misses you.
You barely miss the ogre. You hit the ogre.
You feel better. The ogre hits you with a giant club!!
Ouch! That really hurt!
You die...

#..........#
#..........#
#..........#
#..........#
#..........#
#..>.......#
#...†......#
#.##'##...<#
#@..).#....#
+..O.....+....#
#..##....#....#
#.. #+####....#
#.. #....# +..
+....# ##
#....# ..#


You could see an ogre.

Vanquished Creatures
  An orc wizard (D:3)
  5 gnolls
  An adder (D:3)
  2 worms
  An ooze (D:2)
  9 orcs (D:3)
  8 bats
  3 giant cockroaches
  8 goblins
  9 hobgoblins
  7 kobolds
  A ball python (D:3)
  4 giant geckos
  3 giant newts
  7 rats
69 creatures vanquished.

Notes
Turn   | Place    | Note
--------------------------------------------------------------
     0 | D:1      | RobertPalmer, the Octopode Warper, began the quest for the Orb.
     0 | D:1      | Reached XP level 1. HP: 14/14 MP: 3/3
   202 | D:1      | HP: 2/14 [kobold/short sword (3)]
   269 | D:1      | HP: 2/14 [rat (2)]
   277 | D:1      | Reached XP level 2. HP: 2/19 MP: 4/4
   286 | D:1      | Reached skill level 3 in Short Blades
   629 | D:1      | HP: 4/19 [giant gecko (4)]
  1003 | D:1      | Reached XP level 3. HP: 24/24 MP: 6/6
  1431 | D:2      | HP: 4/24 [gnoll/spear (8)]
  1626 | D:2      | Found a basalt altar of Yredelemnul.
  1631 | D:2      | Reached skill level 4 in Short Blades
  1685 | D:2      | HP: 3/24 [gnoll/halberd (10)]
  1689 | D:2      | Reached XP level 4. HP: 4/29 MP: 7/7
  2345 | D:3      | Learned a level 3 spell: Teleport Other
  2594 | D:3      | Reached skill level 5 in Short Blades
  2672 | D:3      | Reached XP level 5. HP: 25/34 MP: 9/9
  2804 | D:3      | HP: 8/34 [orc/morningstar (2)]
  3185 | D:4      | Noticed an ogre
  3198 | D:4      | Mangled by an ogre

Action                   |  1- 3 |  4- 6 || total
-------------------------+-------+-------++-------
Melee: Short sword       |    30 |       ||    30
       Dagger            |    60 |   106 ||   166
Throw: Tomahawk          |    13 |       ||    13
  Use: Potion            |     1 |     1 ||     2
       Scroll            |     1 |       ||     1
 Stab: Sleeping          |     5 |     2 ||     7
       Distracted        |       |     1 ||     1
  Eat: Bread ration      |     1 |       ||     1
       Pizza             |     1 |       ||     1
       Chunk             |     1 |     5 ||     6

Vault maps used:
D:1:      sevenhm_arrival_forest_fort_small_4, serial_forest,
          infiniplex_forest_clump_long, infiniplex_forest_end_2,
          infiniplex_forest_clump_curved, infiniplex_forest_end_2,
          minmay_liquid_box, hex_large
D:2:      overflow_temple_1_default, first_bread, grunt_decor_one_mirror,
          minivault_11
D:4:      trog_butcher_becter, uniq_robin

Table legend:
 A = Turns spent in this place as a percentage of turns spent in the entire game.
 B = Non-inter-level travel turns spent in this place as a percentage of non-inter-level travel turns spent in the entire game.
 C = Inter-level travel turns spent in this place as a percentage of turns spent in this place.
 D = Turns resting spent in this place as a percentage of non-inter-level travel turns spent in this place.
 E = Turns spent auto-exploring this place as a percentage of non-inter-level travel turns spent in this place.
 F = Non-inter-level travel turns spent in this place divided by the number of levels of this place that you've seen.
                   A       B       C       D       E      F
               +-------+-------+-------+-------+-------+----------------------
         Total | 100.0 | 100.0 |   0.8 |   2.5 |   8.1 | 251.5
       Dungeon | 100.0 | 100.0 |   0.8 |   2.5 |   8.1 | 251.5
               +-------+-------+-------+-------+-------+----------------------

Table legend:
 A = Kills in this place as a percentage of kills in entire the game.
 B = Kills by you in this place as a percentage of kills by you in the entire game.
 C = Kills by friends in this place as a percentage of kills by friends in the entire game.
 D = Other kills in this place as a percentage of other kills in the entire game.
 E = Experience gained in this place as a percentage of experience gained in the entire game.
 F = Experience gained in this place divided by the number of levels of this place that you have seen.
                   A       B       C       D       E      F
               +-------+-------+-------+-------+-------+----------------------
         Total | 100.0 | 100.0 |  -nan |  -nan | 100.0 |  61.5
       Dungeon | 100.0 | 100.0 |  -nan |  -nan | 100.0 |  61.5
               +-------+-------+-------+-------+-------+----------------------
